 Dungeon Crawl Stone Soup version 0.27-a0-1416-g941b2bd30b (webtiles) character file.

Game seed: 17836238582192054211

133 dickylongcocking the Chopper (level 5, 0/40 HPs)
             Began as a Djinni Wanderer on July 1, 2021.
             Slain by an orc (2 damage)
             ... on level 3 of the Dungeon.
             The game lasted 00:02:18 (2798 turns).

dickylongcocking the Chopper (Djinni Wanderer)      Turns: 2798, Time: 00:02:19

Health: 0/40       AC:  3    Str: 14    XL:     5   Next: 39%
Gold:   77         EV: 11    Int: 15    God:
                   SH:  4    Dex:  9

rFire    + + .     SeeInvis .   j - +2 whip (distort)
rCold    x . .     Faith    .   h - +0 buckler
rNeg     . . .     Spirit   .   b - +0 robe
rPois    ∞         Reflect  .   o - +1 hat
rElec    .         Harm     .   (no cloak)
rCorr    .         Rampage  .   (no gloves)
Will     .....                  (boots unavailable)
Stlth    +.........             (no amulet)
HPRegen  0.13/turn              (no ring)
MPRegen  0.00/turn              (no ring)

@: flying
A: sickness immunity, fire resistance 2, cold vulnerability 1, float, innate
caster, hp casting, extra vitality 1, evolution 1
a: no special abilities


You were on level 3 of the Dungeon.
You visited 1 branch of the dungeon, and saw 3 of its levels.

You collected 77 gold pieces.

Inventory:

Hand Weapons
 a - a +2 hand axe
 j - a +2 whip of distortion (weapon)
Missiles
 l - 32 stones (quivered)
 p - 8 curare-tipped darts
Armour
 b - a +0 robe (worn)
 h - a +0 buckler (worn)
 o - a +1 hat (worn)
Magical Staves
 c - a staff of cold
Scrolls
 e - 3 scrolls of identify {unknown}
 f - 2 scrolls of fear {unknown}
 g - 2 scrolls of magic mapping {unknown}
 m - a scroll of noise {unknown}
 n - 2 scrolls of enchant armour {unknown}


   Skills:
 - Level 3.0 Fighting
 - Level 3.2(3.4) Axes
 * Level 1.3(2.5) Maces & Flails
 - Level 1.0 Armour
 * Level 2.3 Shields
 * Level 2.5 Spellcasting
 - Level 1.0 Evocations


You couldn't memorise any spells.
You knew the following spells:

 Your Spells              Type           Power      Damage    Failure   Level
a - Beastly Appendage     Tmut           18%        N/A       9%          1
b - Spider Form           Tmut/Pois      4%         N/A       26%         3
c - Sandblast             Erth           18%        2d7       9%          1
d - Stone Arrow           Conj/Erth      18%        3d8       26%         3
e - Corona                Hex            10%        N/A       9%          1
f - Corpse Rot            Necr/Air       N/A        N/A       14%         2

Your spell library contained the following spells:

 Spells                   Type           Power      Damage    Failure   Level


Dungeon Overview and Level Annotations

Branches:
Dungeon (3/15)

Altars:


Innate Abilities, Weirdness & Mutations

You are immune to sickness and miasma.
You are immune to poison.
Your flesh is very heat resistant. (rF++)
You are vulnerable to cold. (rC-)
You float through the air rather than walking.
You learn spells naturally, not from books.
Your magical power is your life essence.
You have superior vitality. (+4 HP)
You evolve.


Message History

The orc priest hits you with a +0 dagger.
* * * LOW HITPOINT WARNING * * *
You closely miss the orc priest.
The orc priest is severely wounded.
The goblin hits you with a +0 club.
* * * LOW HITPOINT WARNING * * *
The orc priest hits you with a +0 dagger.
* * * LOW HITPOINT WARNING * * *
You hit the orc priest.
You kill the orc priest!
The goblin hits you with a +0 club.
* * * LOW HITPOINT WARNING * * *
The orc hits you but does no damage.
Unknown command.
You aren't carrying any potions.
Unknown command.
Okay, then.
You hit the orc.
Space warps horribly around the orc!!
You kill the orc!
The goblin barely misses you.
A bat comes into view. x2
The bat moves out of view. x2
Items here: ))) [[ †.
You closely miss the goblin. The goblin closely misses you.
You barely miss the goblin. The goblin closely misses you.
You barely miss the goblin. The goblin closely misses you. The bat misses you.
The goblin misses you.
You closely miss the goblin. The bat hits you but does no damage.
The bat barely misses you.
You whack the goblin!
You kill the goblin!
The bat closely misses you. The bat hits you.
* * * LOW HITPOINT WARNING * * *
Unknown command.
You barely miss the orc. The bat barely misses you.
The orc completely misses you.
You barely miss the orc. The bat barely misses you. The orc barely misses you.
You barely miss the orc. The bat closely misses you.
The orc hits you with a +0 club.
You die...

.### ... ....
... ##..# ..
.... .. #..# .#
#..# .# ###
###..###.#.....
#.....o@.b.#
#.#..###.###
#.#..# .#
#####.#..##.#.
.......>...###.
#######.###.#<##
#......#
#..#####
#..#####


You could see an orc and a bat.

Vanquished Creatures
  An orc priest (D:3)
  Jessica (D:3)
  An adder (D:2)
  A worm (D:2)
  A dart slug (D:1)
  2 orcs (D:3)
  5 bats
  4 endoplasms
  6 giant cockroaches (D:1)
  7 goblins
  6 hobgoblins
  6 kobolds
  A quokka (D:1)
  7 ball pythons
  7 frilled lizards
  2 rats (D:1)
58 creatures vanquished.

Notes
Turn   | Place    | Note
-------+----------+-------------------------------------------
     0 | D:1      | dickylongcocking the Djinni Wanderer began the quest for
                  | the Orb.
     0 | D:1      | Reached XP level 1. HP: 20/20 MP: 0/0
   135 | D:1      | Reached skill level 1 in Spellcasting
   135 | D:1      | Reached XP level 2. HP: 17/25 MP: 0/0
   395 | D:1      | Reached XP level 3. HP: 20/30 MP: 0/0
   395 | D:1      | Learned a level 1 spell: Corona
  1165 | D:1      | Found a faded altar of an unknown god.
  1806 | D:2      | Reached XP level 4. HP: 35/35 MP: 0/0
  2492 | D:3      | Noticed Jessica
  2498 | D:3      | Gained mutation: You evolve. [potion of mutation]
  2506 | D:3      | Killed Jessica
  2507 | D:3      | Reached skill level 1 in Maces & Flails
  2758 | D:3      | Reached XP level 5. HP: 40/40 MP: 0/0
  2758 | D:3      | Learned a level 2 spell: Corpse Rot
  2788 | D:3      | HP: 1/40 [goblin (3)]
  2795 | D:3      | HP: 1/40 [bat (1)]
  2798 | D:3      | Slain by an orc

Illustrated notes

Levels and vault maps discovered:
D:1:      saegor_arrival_miasma, layout_loops_ring,
          shapermc_ecumenical_altar_hornbeckon, kennysheep_small_spiral,
          chequers_avenue, fountainhead
D:2:      layout_basic, minmay_hedge_maze, minmay_lizard_pond
D:3:      layout_loops_ring, uniq_sigmund, uniq_jessica, uniq_ijyb

Skill      XL: |  1  2  3  4 |
---------------+-------------+-----
Spellcasting   | 1 2 |  2.5
Maces & Flails | 1 |  1.3
Shields        | 2 |  2.3
Fighting       | |  3.0
Axes           | |  3.2
Armour         | |  1.0
Evocations     | |  1.0

Action                   |  1- 3 |  4- 6 || total
-------------------------+-------+-------++-------
Melee: Hand axe          |    61 |       ||    61
       Headbutt          |     2 |       ||     2
       Whip              |    31 |    49 ||    80
 Cast: Beastly Appendage |     4 |       ||     4
       Corona            |       |     3 ||     3
  Use: Potion            |       |     3 ||     3
 Stab: Sleeping          |     1 |       ||     1
Armor: Robe              |    20 |     6 ||    26
Dodge: Dodged            |    42 |    31 ||    73
Block: Buckler           |     5 |    10 ||    15

Table legend: (Time is in decaauts)
 A = Elapsed time spent in this place.
 B = Non-inter-level travel time spent in this place.
 C = Inter-level travel time spent in this place.
 D = Time resting spent in this place.
 E = Time spent auto-exploring this place.
 F = Levels seen in this place.
 G = Mean time per level.
                   A        B        C        D        E       F      G
               +--------+--------+--------+--------+--------+-----+--------+
         Total |   2791 |   2711 |     80 |      0 |   2341 |   3 |  930.3 |
       Dungeon |   2791 |   2711 |     80 |      0 |   2341 |   3 |  930.3 |
               +--------+--------+--------+--------+--------+-----+--------+

Top non-repeatable levels by time:
     D:1: 1461 daAuts
     D:2: 1041 daAuts
     D:3: 289 daAuts
